 Dungeon Crawl Stone Soup version 0.29-a0-284-gf9362112df (webtiles) character file.

Game seed: 8446088101280789810

59 being54 the Sneak (level 3, -2/18 HPs)
             Began as a Spriggan Brigand on Mar 16, 2022.
             Slain by a gnoll
             ... wielding a +0 spear
              (5 damage)
             ... on level 2 of the Dungeon.
             The game lasted 00:03:06 (1699 turns).

being54 the Sneak (Spriggan Brigand)                Turns: 1699, Time: 00:03:07

Health: -2/18      AC:  3    Str:  7    XL:     3   Next: 78%
Magic:  4/4        EV: 16    Int: 12    God:
Gold:   88         SH:  0    Dex: 18    Spells: 2/2 levels left

rFire   . . .      SeeInvis +   a - +2 dagger
rCold   . . .      Faith    .   (no shield)
rNeg    . . .      Spirit   .   b - +0 robe
rPois   .          Reflect  .   (helmet restricted)
rElec   .          Harm     .   c - +0 cloak
rCorr   .          Rampage  .   (gloves unavailable)
Will    .....                   (boots unavailable)
Stlth   ++++......              (no amulet)
HPRegen 0.06/turn               (no ring)
MPRegen 0.09/turn               (no ring)

@: very quick
A: very small, no large weapons, unfitting armour, see invisible, speed 3
a: no special abilities


You were on level 2 of the Dungeon.
You visited 1 branch of the dungeon, and saw 2 of its levels.

You collected 88 gold pieces.

Inventory:

Hand Weapons
 a - a +2 dagger (weapon)
Missiles
 d - 11 poisoned darts (quivered)
 e - 3 curare-tipped darts
Armour
 b - a +0 robe (worn)
 c - a +0 cloak (worn)
Potions
 f - a potion of flight {unknown}


   Skills:
 + Level 1.9 Fighting
 + Level 2.7 Short Blades
 + Level 2.0 Throwing
 + Level 1.6 Dodging
 * Level 7.5 Stealth


You had 2 spell levels left.
You didn't know any spells.
Your spell library was empty.

Dungeon Overview and Level Annotations

Branches:
Dungeon (2/15)

Altars:


Innate Abilities, Weirdness & Mutations

You are very small and have problems with some larger weapons.
You are too small for most types of armour.
You have supernaturally acute eyesight. (SInv)
You cover ground extremely quickly. (Speed+++)


Message History

Found a spear.
A giant cockroach comes into view.
A hobgoblin comes into view.
Found 10 gold pieces and 17 stones.
The helpless endoplasm fails to defend itself.
You stick the endoplasm like a pincushion!!!
You kill the endoplasm!
Found a leather armour.
The helpless giant cockroach fails to defend itself.
You spit the giant cockroach like a pig!!!
You kill the giant cockroach!
Found a club.
The helpless hobgoblin fails to defend itself.
You perforate the hobgoblin like a sieve!!!
You kill the hobgoblin!
No target in view!
You now have 88 gold pieces (gained 10).
A gnoll comes into view. It is wielding a +0 halberd.
The gnoll hits you but does no damage.
The gnoll shouts! x2
You hit the gnoll.
You kill the gnoll!
The gnoll closely misses you. The gnoll misses you.
The gnoll hits you with a +0 halberd.
You hit the gnoll.
The gnoll is moderately wounded.
The gnoll hits you from afar with a +0 spear.
The gnoll hits you with a +0 halberd!
* * * LOW HITPOINT WARNING * * *
You are too injured to fight recklessly!
You are too injured to fight recklessly!
You are too injured to fight recklessly!
You are too injured to fight recklessly!
Unknown command.
You hit the gnoll but do no damage.
The gnoll is moderately wounded.
You barely miss the gnoll.
The gnoll is moderately wounded.
The gnoll hits you from afar with a +0 spear.
You die...

....... ##..#....≈≈...... ......
.......##.........≈..≈..# #.###.
.......(#............≈..###.###.
#........≈≈≈..≈≈.......... #
##.........≈..≈...........
##.##..........≈.≈≈...........
................≈≈..<.........
#####...........≈..<..........
#............@g......#.....###
...........)...............# ≈
#..............g..#).......#≈≈
#.........##.##............#≈≈
.###)..$#............>......≈≈
##.#...................<.≈≈
#..###.................≈≈≈≈
#..#.....................≈≈
.....#............##.....≈≈


You could see 2 gnolls.

Vanquished Creatures
  A gnoll (D:2)
  An adder (D:2)
  A worm (D:2)
  2 dart slugs (D:1)
  3 ball pythons
  2 endoplasms
  A giant cockroach (D:2)
  5 hobgoblins
  6 kobolds (D:1)
  3 quokkas (D:1)
  A bat (D:1)
  A goblin (D:1)
  5 rats
32 creatures vanquished.

Notes
Turn   | Place    | Note
-------+----------+-------------------------------------------
     0 | D:1      | being54 the Spriggan Brigand began the quest for the Orb.
     0 | D:1      | Reached XP level 1. HP: 10/10 MP: 2/2
   449 | D:1      | Reached skill level 6 in Stealth
   474 | D:1      | Reached XP level 2. HP: 15/15 MP: 3/3
  1408 | D:2      | Reached skill level 7 in Stealth
  1408 | D:2      | Reached XP level 3. HP: 10/18 MP: 4/4
  1699 | D:2      | Slain by a gnoll

Illustrated notes

Levels and vault maps discovered:
D:1:      dpeg_arrival_line_fractal, layout_loops_corners, serial_glass,
          glass_columns_a, glass_columns_a, bh_walls_and_bars
D:2:      layout_rooms, serial_rivers, chequers_serial_rivers_small_b,
          chequers_serial_rivers_small_3, chequers_serial_rivers_small_3,
          chequers_serial_rivers_micro_b, chequers_serial_rivers_micro_a,
          minmay_pentomino_r2

Skill      XL: |  1  2 |
---------------+-------+-----
Stealth        | 6 7 |  7.5
Fighting       | |  1.9
Short Blades   | |  2.7
Throwing       | |  2.0
Dodging        | |  1.6

Action                   || total
-------------------------++-------
Melee: Dagger            ||    85
Throw: Dart              ||     1
  Use: Scroll            ||     4
 Stab: Sleeping          ||    15
Armor: Robe              ||     9
Dodge: Dodged            ||    49

Table legend: (Time is in decaauts)
 A = Elapsed time spent in this place.
 B = Non-inter-level travel time spent in this place.
 C = Inter-level travel time spent in this place.
 D = Time resting spent in this place.
 E = Time spent auto-exploring this place.
 F = Levels seen in this place.
 G = Mean time per level.
                   A        B        C        D        E       F      G
               +--------+--------+--------+--------+--------+-----+--------+
         Total |   1235 |   1213 |     22 |    418 |    583 |   2 |  617.5 |
       Dungeon |   1235 |   1213 |     22 |    418 |    583 |   2 |  617.5 |
               +--------+--------+--------+--------+--------+-----+--------+

Top non-repeatable levels by time:
     D:1: 945 daAuts
     D:2: 289 daAuts
